Map: Bridgehead LE (Void)

Players

wabbajack

  • Race: Zerg Zerg
  • League: Gold

zaper - Winner!

  • Race: Terran Terran
  • League: Silver

VOD

Have the link to the VOD?

Description

Time

  • Played on: July 20, 2015, 9:52 a.m.
  • Length: 5:19
Show
View Real Time Build Order
Export as new Build Order

wabbajack Zerg 

Build Orders: Hatch First 

Get SALT Encoding   

  12  0:07  Drone  
  13  0:16  Overlord  
  13  0:30  Drone  
  13  0:32  Extractor  
  13  0:34  Drone  
  15  0:37  Drone  
  15  0:41  Drone  
  17  0:59  Hatchery  
  16  1:06  Drone, Extractor  
  16  1:07  Drone  
  17  1:13  Drone  
  18  1:26  Spawning Pool  
  18  1:29  Extractor  
  18  1:30  Drone  
  17  1:40  Drone  
  17  1:45  Drone  
  19  2:02  Overlord  
  19  2:13  Pneumatized Carapace  
  19  2:19  Queen  
  21  2:24  Drone  
  21  2:25  Baneling Nest, Drone  
  21  2:27  Drone  
  23  2:33  Drone  
  24  2:48  Drone  
  24  2:49  Drone x3  
  28  3:06  Queen  
  30  3:13  Zergling x4  
  30  3:14  Zergling x2  
  30  3:15  Zergling x2  
  30  3:17  Overlord  
  34  3:24  Roach Warren  
  33  3:29  Metabolic Boost  
  33  3:33  Overlord  
  33  3:38  Zergling x2  
  32  3:54  Queen  
  23  4:10  Spine Crawler  
  23  4:14  Zergling x2  
  23  4:15  Zergling x14  
  25  4:27  Spine Crawler  
  14  4:59  Drone x2  
  17  5:00  Drone  
Show
View Real Time Build Order
Export as new Build Order

zaper Terran - Winner!

Build Orders: 1/1/1, Hellion Opening, Liberator Opening 

Get SALT Encoding   

  12  0:01  SCV  
  13  0:13  SCV  
  14  0:23  Supply Depot  
  14  0:25  SCV  
  15  0:35  Refinery  
  15  0:44  SCV  
  15  0:46  Barracks  
  16  0:53  Refinery  
  16  0:56  SCV  
  17  1:08  SCV  
  18  1:21  SCV  
  19  1:34  Factory  
  19  1:40  Orbital Command  
  19  1:43  Barracks Reactor  
  19  2:01  Supply Depot  
  19  2:05  SCV  
  20  2:17  SCV  
  21  2:28  Starport  
  21  2:29  SCV  
  24  2:30  Barracks Reactor, Hellion x2  
  26  2:37  Supply Depot  
  26  2:44  SCV  
  29  2:51  Hellion x2  
  31  2:58  SCV  
  31  3:01  Supply Depot  
  32  3:07  Liberator  
  32  3:16  SCV, Liberator  
  32  3:18  Hellion x2  
  40  3:28  SCV, Barracks Tech Lab  
  44  3:40  SCV  
  45  3:43  Supply Depot  
  35  4:50  Command Center, Armory  
  39  4:53  Command Center, Hellion x2  
  43  5:03  SCV  
  46  5:09  Supply Depot  
Tags
 
Add a new tag
Caveats
  • Supply blocks, unpowered buildings, or Contaminate may cause inaccurate times.
  • Supply counts are checked every 10 seconds.